 Seeded DCSS version 0.29-a0-416-g83a48905f1 (webtiles) character file.

Game seed: 3835982142597306518 (custom seed)

416235 donath the Warrior (level 23, -1/194 HPs)
             Began as a Merfolk Ice Elementalist on Apr 29, 2022.
             Was a High Priest of Cheibriados.
             Killed from afar by a deep troll earth mage (18 damage)
             ... with a blast of rock fragments
             ... on level 3 of the Depths on May 16, 2022.
             The game lasted 22:53:31 (59055 turns).

donath the Warrior (Merfolk Ice Elementalist)      Turns: 59055, Time: 22:53:33

Health: -1/194     AC: 12    Str: 23    XL:     23   Next: 26%
Magic:  17/47      EV: 28    Int: 32    God:    Cheibriados [*****.]
Gold:   3220       SH:  9    Dex: 28    Spells: 5/44 levels left

rFire   + . .      SeeInvis +   a - +8 demon whip (protect)
rCold   + . .      Faith    .   k - +2 buckler
rNeg    + . .      Spirit   .   t - +2 leather armour "Aschy" {rC+ rN+ rCorr Int-3}
rPois   +          Reflect  .   C - +1 helmet {SInv}
rElec   +          Harm     .   w - scarf {repulsion}
rCorr   +          Rampage  .   U - +2 pair of gloves
Will    +++..                   A - +2 pair of boots "Efynn" {rElec rCorr MP+9 Str-4}
Stlth   +++++.....              y - amulet of the acrobat
HPRegen 0.42/turn               d - ring "Madghicvy" {rPois Will++ Str+6 Int-4}
MPRegen 0.30/turn               S - ring of Weymp {rElec rF+ rCorr}

@: on berserk cooldown, repel missiles, very slow
A: (nimble swimmer 2), mertail, deformed body, screaming 1, weak 1
}: 3/15 runes: barnacled, slimy, gossamer
a: Renounce Religion, Bend Time, Temporal Distortion, Slouch, Step From Time


You were on level 3 of the Depths.
You worshipped Cheibriados.
Cheibriados was extremely pleased with you.
You visited 11 branches of the dungeon, and saw 46 of its levels.
You also visited: Sewer, Bailey and Gauntlet.

You collected 4919 gold pieces.
You spent 1699 gold pieces at shops.

Inventory:

Hand Weapons
 a - a +8 demon whip of protection (weapon)
 b - the +7 fustibalus of a ziggurat {freeze, rC++ Stlth+}
   (You found it on level 3 of the Elven Halls)

   Any ammunition fired from it freezes those it strikes, dealing additional
   cold damage.
   It can also slow down cold-blooded creatures.
   rC:        It greatly protects you from cold.
   Stlth:     It makes you more stealthy.
 e - the +5 whip of Perfectionism {venom, MP+9 Dex+2}
   (You found it on level 5 of the Dungeon)

   It poisons the flesh of those it strikes.
   Dex:       It affects your dexterity (+2).
   MP:        It affects your magic capacity (+9).
 J - the +5 demon whip "Spellbinder" {antimagic, Will+}
   (You acquired it on level 3 of the Shoals)

   It reduces the magical energy of the wielder, and disrupts the spells and
   magical abilities of those it strikes.
   Natural abilities and divine invocations are not affected.
   It unleashes wild and unpredictable magical effects upon striking a wizard or
   a creature with magical abilities.
   Will:      It increases your willpower.
Missiles
 h - 36 curare-tipped darts (quivered)
 i - 1197 stones
 u - 37 boomerangs
 D - 43 poisoned darts
Armour
 k - a +2 buckler (worn)
 t - the +2 leather armour "Aschy" (worn) {rC+ rN+ rCorr Int-3}
   (You bought it in a shop on level 2 of the Orcish Mines)

   Int:       It affects your intelligence (-3).
   rC:        It protects you from cold.
   rN:        It protects you from negative energy.
   rCorr:     It protects you from acid and corrosion.
 w - a scarf of repulsion (worn)
 A - the +2 pair of boots "Efynn" (worn) {rElec rCorr MP+9 Str-4}
   (You found it on level 11 of the Dungeon)

   Str:       It affects your strength (-4).
   rElec:     It insulates you from electricity.
   MP:        It affects your magic capacity (+9).
   rCorr:     It protects you from acid and corrosion.
 C - a +1 helmet of see invisible (worn)
 U - a +2 pair of gloves (worn)
Jewellery
 d - the ring "Madghicvy" (left hand) {rPois Will++ Str+6 Int-4}
   (You took it off a deep elf annihilator on level 3 of the Elven Halls)

   [ring of strength]

   Str:       It affects your strength (+6).
   Int:       It affects your intelligence (-4).
   rPois:     It protects you from poison.
   Will:      It greatly increases your willpower.
 o - the ring of Due Proportion {+Blink Dex+6}
   (You bought it in a shop on level 6 of the Dungeon)

   [ring of dexterity]

   Dex:       It affects your dexterity (+6).
   +Blink:    It lets you blink.
 q - a ring of protection from cold
 y - an amulet of the acrobat (around neck)
 F - a ring of wizardry
 G - an amulet of magic regeneration
 S - the ring of Weymp (right hand) {rElec rF+ rCorr}
   (You took it off a deep elf death mage on level 3 of the Elven Halls)

   [ring of resist corrosion]

   rF:        It protects you from fire.
   rElec:     It insulates you from electricity.
   rCorr:     It protects you from acid and corrosion.
Wands
 f - a wand of acid (37)
 v - a wand of digging (2)
 V - a wand of iceblast (12)
 W - a wand of mindburst (41)
 X - a wand of paralysis (33)
Scrolls
 g - 2 scrolls of silence
 l - 2 scrolls of blinking
 s - 11 scrolls of teleportation
 x - 3 scrolls of poison
 K - 6 scrolls of fear
 Z - 7 scrolls of fog
Potions
 m - 2 potions of invisibility
 n - 4 potions of magic
 r - 11 potions of curing
 I - 5 potions of berserk rage
 L - 13 potions of heal wounds
 M - a potion of brilliance
 P - 5 potions of cancellation
 T - 3 potions of resistance
Miscellaneous
 j - a phantom mirror
 p - a box of beasts
 z - a condenser vane
 E - the horn of Geryon (inert)
 H - a tin of tremorstones (2/2)
 Q - a phial of floods (inert)
 Y - a lightning rod (4/4)


   Skills:
 + Level 19.0 Fighting
 - Level 2.0 Short Blades
 - Level 12.0 Maces & Flails
 * Level 10.3(10.5) Slings
 - Level 4.3(9.0) Throwing
 - Level 5.0 Armour
 + Level 16.2 Dodging
 - Level 10.6 Stealth
 - Level 5.0 Shields
 - Level 11.0 Spellcasting
 - Level 8.0 Conjurations
 - Level 4.0 Summonings
 - Level 8.0 Necromancy
 - Level 4.0 Translocations
 - Level 17.2 Transmutations
 - Level 10.0 Ice Magic
 - Level 2.0 Air Magic
 - Level 6.0 Earth Magic
 - Level 4.0 Poison Magic
 - Level 12.0 Invocations
 - Level 9.0 Evocations


You had 5 spell levels left.
You knew the following spells:

 Your Spells              Type           Power      Damage    Failure   Level
a - Ozocubu's Armour      Ice            69%        N/A       1%          3
b - Frozen Ramparts       Ice            100%       1d12      1%          3
c - Iskenderun's Mystic   Conj/Tloc      54%        2d12      3%          4
d - Magic Dart            Conj           100%       1d8       1%          1
e - Vampiric Draining     Necr           62%        2d10      1%          3
f - Passwall              Tmut/Erth      62%        N/A       1%          2
g - Mephitic Cloud        Conj/Pois/Air  47%        N/A       1%          3
h - Hailstorm             Conj/Ice       66%        3d14      1%          4
i - Iskenderun's Battles  Conj           62%        2d11      4%          5
j - Borgnjor's Vile Clut  Necr/Erth      29%        N/A       6%          5
k - Statue Form           Tmut/Erth      50%        N/A       5%          6

Your spell library contained the following spells:

 Spells                   Type           Power      Damage    Failure   Level
 Freeze                   Ice            100%       1d11      1%          1
 Pain                     Necr           100%       1d9       1%          1
 Sting                    Tmut/Pois      100%       1d8       1%          1
 Summon Small Mammal      Summ           100%       N/A       1%          1
 Call Imp                 Summ           43%        N/A       1%          2
 Ensorcelled Hibernation  Hex/Ice        98%        N/A       1%          2
 Poisonous Vapours        Pois/Air       74%        N/A       1%          2
 Searing Ray              Conj           100%       2d8       1%          2
 Static Discharge         Conj/Air       49%        N/A       1%          2
 Stone Arrow              Conj/Erth      100%       3d13      1%          3
 Ice Form                 Ice/Tmut       81%        N/A       1%          4
 Petrify                  Tmut/Erth      75%        N/A       1%          4
 Alistair's Intoxication  Tmut/Pois      48%        N/A       1%          5
 Call Canine Familiar     Summ           43%        N/A       2%          3
 Dazzling Flash           Conj/Hex       86%        N/A       2%          3
 Gell's Gravitas          Tloc           43%        N/A       2%          3
 Teleport Other           Tloc           43%        N/A       2%          3
 Summon Ice Beast         Ice/Summ       58%        N/A       2%          4
 Slow                     Hex            68%        N/A       4%          1
 Animate Armour           Summ/Erth      98%        N/A       4%          4
 Agony                    Necr           62%        N/A       4%          5
 Excruciating Wounds      Necr           31%        N/A       4%          5
 Portal Projectile        Hex/Tloc       60%        N/A       5%          3
 Summon Guardian Golem    Hex/Summ       30%        N/A       5%          3
 Swiftness                Air            30%        N/A       5%          3
 Anguish                  Hex/Necr       21%        N/A       8%          4
 Fulminant Prism          Conj/Hex       21%        3d13      8%          4
 Olgreb's Toxic Radiance  Pois           43%        N/A       8%          4
 Lee's Rapid Deconstruct  Erth           27%        3d15*     10%         5
 Confusing Touch          Hex            17%        N/A       12%         3
 Inner Flame              Hex/Fire       17%        N/A       12%         3
 Tukima's Dance           Hex            17%        N/A       12%         3
 Leda's Liquefaction      Hex/Erth       18%        N/A       12%         4
 Lightning Bolt           Conj/Air       24%        1d40      14%         5
 Metabolic Englaciation   Hex/Ice        24%        N/A       14%         5
 Fireball                 Conj/Fire      21%        3d10      22%         5
 Summon Forest            Summ/Tloc      21%        N/A       22%         5
 Cause Fear               Hex            8%         N/A       36%         4
 Eringya's Noxious Bog    Tmut/Pois      36%        N/A       8%          6
 Simulacrum               Ice/Necr       33%        N/A       16%         6
 Iron Shot                Conj/Erth      29%        9d6       34%         6
 Dispersal                Tloc           21%        N/A       75%         6
 Starburst                Conj/Fire      21%        6d7       75%         6
 Necromutation            Tmut/Necr      39%        N/A       83%         8
 Spellforged Servitor     Conj/Summ      27%        N/A       96%         7
 Enfeeble                 Hex            8%         N/A       100%        7
 Malign Gateway           Summ/Tloc      21%        N/A       100%        7
 Borgnjor's Revivificati  Necr           31%        N/A       100%        8
 Discord                  Hex            8%         N/A       100%        8
 Ignition                 Fire           8%         3d5       100%        8
 Lehudib's Crystal Spear  Conj/Erth      29%        10d8      100%        8
 Maxwell's Capacitive Co  Air            15%        ∞         100%        8
 Summon Horrible Things   Summ           21%        N/A       100%        8
 Death's Door             Necr           31%        N/A       100%        9


Dungeon Overview and Level Annotations

Branches:
Dungeon (15/15)            Temple (1/1) D:6            Lair (6/6) D:9
 Shoals (4/4) Lair:4       Spider (4/4) Lair:2        Slime (5/5) Lair:5
    Orc (2/2) D:9             Elf (3/3) Orc:2        Vaults (0/5) D:13
 Depths (4/4) D:15           Hell (visited)             Dis (1/7) Hell
    Geh (0/7) Hell            Coc (0/7) Hell            Tar (0/7) Hell
  Sewer (visited)          Bailey (visited)         Gauntlet (visited)
    Zot: Depths:4

Altars:
Ashenzari
Cheibriados
Dithmenos
Elyvilon
Fedhas
Gozag
Hepliaklqana
Kikubaaqudgha
Makhleb
Nemelex Xobeh
Okawaru
Qazlal
Ru
Sif Muna
Trog
Uskayaw
Vehumet
Wu Jian
Xom
Yredelemnul
Zin
The Shining One
Beogh
Jiyva

Shops:
D:6 ([=   Orc:1 ?([=*   Orc:2 =*[(   Elf:1 [(   Elf:2 !   Shoals:1 [

Portals:
Hell: Depths:1 Depths:2
Pandemonium: Depths:2 Depths:3
Ziggurat: Depths:1

Annotations:
Depths:1 exclusion: downstairs
Depths:2 exclusion: frost giant, Asterion, Mara
Depths:3 1 transporter, Affoawku's ghost, adept DsBe


Innate Abilities, Weirdness & Mutations

((You are very nimble when in or above water. (Stealth+, EV+, Speed+++)))
Your lower body shifts to a powerful aquatic tail in water.
Armour fits poorly on your strangely shaped body.
You occasionally shout uncontrollably at your foes.
You are weak. (Str -2)


Message History

The iron troll claws your battlesphere!!
Your battlesphere is destroyed!
Okay, then.
Casting: Ozocubu's Armour (safe; 1% risk of failure)
Confirm with . or Enter, or press ? or * to list all spells.
You erupt in a blast of force!
The mystic blast hits the iron troll!
The iron troll is lightly wounded.
The iron troll is knocked back by the mystic blast.
The iron troll slams into the rock wall!
The iron troll is moderately wounded.
The mystic blast hits the deep troll earth mage!
The deep troll earth mage is almost dead.
The deep troll earth mage is knocked back by the mystic blast.
The deep troll earth mage slams into the rock wall!
The deep troll earth mage is almost dead.
The mystic blast hits the iron troll.
The iron troll is lightly wounded.
Your surroundings suddenly seem different.
Your icy armour cracks and falls away as you move.
You hear a grinding noise.
A quicksilver dragon comes into view.
You yell at the quicksilver dragon!
The quicksilver dragon roars deafeningly!
You hear a shout! x2; You hear a deafening roar!
You hear a shout! x2
You feel much better.
The quicksilver dragon breathes dispelling energy at you.
The bolt of dispelling energy hits you!!
Your magical effects are unravelling.
* * * LOW HITPOINT WARNING * * *
A stone giant comes into view.
A deep troll comes into view.
Unknown command.
Okay, then.
Blink to where?
Press: ? - help, Dir - move target A deep troll earth mage comes into view.
As you read the scroll of blinking, it crumbles to dust.
You feel yourself speed up.
The deep troll earth mage gestures next to you while chanting.
The wall shatters!
The blast of rock fragments hits you!!
You die...

************ ,*,,,,,,,*,***
**,,,,,,,*,,,######
*,,,,,,,,*,,,,....#
***,,,,,,*,,,,#...##
*,*,******,,,,#....# *### ***
,,*,,,,,,*,,,,,#@#,* *..#*#.*
*,,,,,,,,*,∩,,,#...####*#..#..#*
*,*****,,*,,,,,T##.....,.....**
,,*,,,****,**,..,,##...#..#*,,*
*,,,,,,,,*,,,...,,,,*#.§.#*,,,**
***,,,**,*,,..#.,,#T..#..#,,,,,*
,*,,,**,,**...##,*#.#,#....,,,,**
**********###**,,*#*,,.#.#...,,,,
*,,* **,D*......C**


You could see a deep troll earth mage.

Vanquished Creatures
  the Royal Jelly (Slime:5)
  Bai Suzhen (Depths:2)
  3 caustic shrikes (Dis:1)
  Geryon (Hell)
  Arachne (Spider:3)
  A lich (Depths:2)
  6 searing wretches (Depths:1)
  A deep elf master archer (Elf:3)
  4 deep elf blademasters
  24 acid blobs
  Frances (Spider:2)
  4 sphinxes
  3 ancient champions
  2 tengu reavers
  Ilsuiw (Shoals:2)
  11 rockslimes
  A revenant (Hell)
  9 azure jellies
  The ghost of dolemite99 the Unforgettable, an adept FoAr of Hepliaklqana (Lair:2)
  The ghost of zeratav the Crack Shot, an adept TeHu of Fedhas (Spider:4)
  2 fire giants (Depths:3)
  6 deep elf sorcerers (Elf:3)
  2 balrugs
  7 frost giants
  5 emperor scorpions
  A caustic shrike zombie (Depths:1)
  4 orc warlords
  4 ghost moths
  A quicksilver elemental (Dis:1)
  4 deep elf elementalists (Elf:3)
  2 iron dragons
  A cacodemon (Hell)
  21 quicksilver oozes
  3 reapers (Hell)
  2 stone giants
  10 deep elf demonologists
  2 broodmothers
  5 deep elf annihilators (Elf:3)
  Azrael (Spider:2)
  9 very ugly things
  A lorocyproca (Depths:1)
  3 minotaurs
  4 spark wasps
  4 entropy weavers
  6 deep elf death magi
  2 blizzard demons
  A green death (Depths:3)
  7 fire dragons
  An ettin (Depths:1)
  4 merfolk impalers
  4 merfolk javelineers
  7 great orbs of eyes
  5 deep elf high priests
  3 jorogumos
  4 rakshasas
  7 ice dragons
  Harold (D:10)
  4 radroaches
  10 boulder beetles
  2 catoblepae
  Erolcha (Orc:1)
  4 hydras
  2 merfolk avatars
  A stoker (Hell)
  An alligator snapping turtle (Shoals:4)
  5 centaur warriors
  A death knight (D:15)
  27 dancing weapons
  4 deep troll shamans
  3 merfolk aquamancers
  4 hell hogs
  A death scarab (Spider:1)
  10 satyrs
  6 two-headed ogres
  8 death yaks
  3 deep troll earth magi
  6 tengu warriors
  5 orc high priests
  Urug (D:11)
  A hell knight (Depths:2)
  3 soul eaters
  2 sun demons (Depths:2)
  Sonja (D:10)
  2 iron trolls (Depths:1)
  2 spriggan berserkers (Depths:2)
  6 skeletal warriors
  A fire crab (shapeshifter) (D:13)
  A sun moth (Spider:1)
  31 deep elf knights
  9 sea snakes
  2 sixfirhies
  2 pharaoh ants (Spider:3)
  A death drake (shapeshifter) (D:13)
  A spark wasp zombie (Depths:1)
  A flayed ghost (Depths:3)
  2 glowing orange brains
  3 deep trolls
  12 orb spiders
  6 steelbarb worms
  29 deep elf zephyrmancers
  5 spectral wolf spiders (Spider:4)
  17 deep elf archers
  18 ugly things
  A wizard (D:14)
  An anaconda skeleton (Hell)
  A necromancer (Depths:1)
  26 harpies
  12 orc knights
  3 wolf spider zombies (Spider:4)
  5 orc sorcerers
  4 phantasmal warriors
  19 wolf spiders
  28 deep elf pyromancers
  2 oklob plants
  8 shining eyes
  16 elephants
  20 fauns
  4 cyclopes
  2 moths of wrath (shapeshifter)
  20 manticores
  3 moths of wrath
  5 black mambas
  3 rust devils
  2 ice statues (Hell)
  An eye of devastation (Slime:5)
  3 gargoyles
  A water nymph (Shoals:1)
  8 merfolk sirens
  A frost giant skeleton (Depths:1)
  14 cane toads
  7 torpor snails
  An orange demon (Hell)
  2 unseen horrors
  A hellion (Hell)
  2 kobold demonologists
  10 demonic crawlers
  A sea snake zombie (Hell)
  2 unseen horrors (shapeshifter) (D:13)
  5 freezing wraiths
  A rime drake (shapeshifter) (D:13)
  19 komodo dragons
  A tengu conjurer (Depths:1)
  A red devil (Hell)
  19 merfolk
  3 hydra zombies (Hell)
  11 trolls
  12 meliai
  2 wolf spider simulacra (Spider:4)
  6 wind drakes
  6 polar bears
  15 tarantellas
  12 blink frogs
  A raiju (shapeshifter) (D:14)
  An alligator zombie (Hell)
  11 snapping turtles
  96 slime creatures
  11 dream sheep
  A frost giant simulacrum (Depths:1)
  34 jumping spiders
  A shadow (D:9)
  2 wraiths
  3 air elementals
  A vampire (D:12)
  An alligator skeleton (Hell)
  16 water elementals
  63 yaks
  A human (shapeshifter) (D:14)
  18 culicivoras
  3 wyverns
  16 golden eyes
  Grum (D:10)
  A sea snake simulacrum (Hell)
  50 redbacks
  6 basilisks
  A chaos spawn (Depths:3)
  6 fire elementals
  3 steam dragons
  5 wargs
  5 acid dragons
  14 hell hounds
  11 water moccasins
  A human skeleton (Depths:1)
  33 orc warriors
  A sky beast (D:6)
  2 ice beasts
  5 black bears
  4 boggarts (D:15)
  8 ogres
  An alligator simulacrum (Hell)
  15 wolves
  16 centaurs
  3 phantoms (D:5)
  13 bullfrogs
  15 kobold brigands
  A necrophage (D:7)
  4 earth elementals
  2 gnoll sergeants
  7 scorpions
  9 wights
  36 killer bees
  9 howler monkeys
  An electric eel (Lair:1)
  3 hounds
  26 orc priests
  9 jellies
  2 gnoll shamans
  6 iguanas
  16 orc wizards
  11 hell rats
  28 gnolls
  15 adders
  6 river rats
  2 white imps (D:6)
  2 ufetubi
  5 dart slugs
  4 worms
  29 orcs
  13 ball pythons
  18 endoplasms
  5 giant cockroaches
  12 goblins
  8 hobgoblins
  6 jackals (D:1)
  35 kobolds
  10 quokkas
  17 bats
  8 frilled lizards
  6 rats
  4 fire vortices (Hell)
1727 creatures vanquished.

Vanquished Creatures (collateral kills)
  A quicksilver dragon (Depths:3)
  A rockslime (Slime:5)
  An entropy weaver (Spider:3)
  A jorogumo (Spider:1)
  A sea snake (Shoals:3)
  A deep elf pyromancer (Elf:3)
  2 deep elf zephyrmancers
  An elephant (Lair:4)
  A cane toad (Lair:5)
  A tarantella (Spider:3)
  2 blink frogs
  2 culicivoras (Spider:1)
  2 yaks
  A water elemental (Shoals:2)
  A fire elemental (Spider:2)
  2 wolves
  2 orc priests (Orc:2)
  An orc wizard (Orc:2)
  A gnoll (D:10)
  2 kobolds (Bailey)
  A tentacle (Shoals:2)
28 creatures vanquished.

Vanquished Creatures (others)
  A frost giant (Depths:2)
  A deep elf knight (Elf:3)
  A sixfirhy (Depths:3)
  A deep elf archer (Elf:1)
  A deep elf zephyrmancer (Elf:1)
  An orc sorcerer (Depths:1)
  A wolf spider (Spider:1)
  A tengu conjurer (Depths:2)
  A slime creature (Slime:5)
  A blink frog (Lair:5)
  A vampire (D:13)
  A culicivora (Spider:2)
  A yak (Lair:5)
  A redback (Spider:2)
  An orc (Orc:2)
  46 fungi
  104 plants
  5 tentacles (Shoals:2)
  10 toadstools (D:9)
  4 withered plants (Gauntlet)
184 creatures vanquished.

Grand Total: 1939 creatures vanquished

Notes
Turn   | Place    | Note
-------+----------+-------------------------------------------
     0 | D:1      | donath the Merfolk Ice Elementalist began the quest for the
                  | Orb.
     0 | D:1      | Reached XP level 1. HP: 13/13 MP: 3/3
   297 | D:1      | Reached XP level 2. HP: 19/19 MP: 1/5
   510 | D:1      | Reached skill level 1 in Short Blades
   877 | D:1      | Reached XP level 3. HP: 24/24 MP: 1/6
   881 | D:1      | Learned a level 3 spell: Frozen Ramparts
  1032 | D:1      | Found a faded altar of an unknown god.
  1179 | D:2      | Reached skill level 5 in Ice Magic
  1747 | D:2      | You fall into a shaft and drop 2 floors!
  2023 | D:4      | Reached XP level 4. HP: 30/30 MP: 3/7
  2141 | D:3      | Found a glowing drain.
  2221 | D:5      | Entered Level 5 of the Dungeon
  2398 | Sewer    | Entered a sewer
  2517 | Sewer    | Reached XP level 5. HP: 32/35 MP: 2/8
  3083 | Sewer    | Reached skill level 1 in Fighting
  3126 | Sewer    | Reached skill level 1 in Maces & Flails
  3208 | Sewer    | Learned a level 3 spell: Ozocubu's Armour
  3210 | Sewer    | Learned a level 1 spell: Sting
  3379 | D:3      | Reached XP level 6. HP: 43/43 MP: 2/9
  3429 | D:3      | Reached skill level 1 in Transmutations
  3513 | D:3      | Identified the +7 hunting sling of World's End {flame, Fly
                  | MP-9 Int+6 Stlth+}
  3655 | D:3      | Reached skill level 2 in Fighting
  4665 | D:4      | Reached skill level 3 in Fighting
  5092 | D:5      | Identified the +5 whip of Perfectionism {venom, MP+9 Dex+2}
  5120 | D:5      | Noticed a black bear
  5156 | D:5      | Reached XP level 7. HP: 52/52 MP: 10/10
  5162 | D:5      | Reached skill level 1 in Throwing
  5554 | D:5      | Reached XP level 8. HP: 55/58 MP: 12/12
  5853 | D:5      | Reached skill level 1 in Poison Magic
  5879 | D:5      | Reached skill level 1 in Invocations
  5880 | D:5      | Upgraded the game from 0.29-a0-362-g5854e031c7 to
                  | 0.29-a0-364-g921d912d32
  6038 | D:5      | Reached skill level 4 in Fighting
  6038 | D:5      | Reached skill level 5 in Dodging
  6095 | D:5      | Noticed a troll
  6101 | D:5      | Noticed a wyvern
  6150 | D:5      | Killed a wyvern
  6188 | D:5      | Killed a troll
  6189 | D:5      | Reached XP level 9. HP: 58/67 MP: 13/13
  6194 | D:5      | Learned a level 4 spell: Hailstorm
  6212 | D:5      | Identified the +3 quarterstaff "Nuihayse" {drain, rCorr
                  | Int+3}
  6320 | D:5      | Reached skill level 5 in Fighting
  6331 | D:5      | Reached skill level 1 in Conjurations
  6383 | D:5      | Learned a level 2 spell: Call Imp
  6679 | D:6      | Found an ornate altar of the Wu Jian Council.
  6767 | D:6      | Reached skill level 1 in Summonings
  6796 | D:6      | Reached skill level 6 in Fighting
  6966 | D:6      | Identified the +1 robe of Rahiocou {Str-5 Int+6 Dex-3
                  | Slay+2}
  7046 | D:6      | Found a sacrificial altar of Ru.
  7153 | D:6      | Found Voomyr Vida's Weapon Shoppe.
  7584 | D:6      | Found Duren's Antique Armour Shoppe.
  7664 | D:6      | Found Uhya's Jewellery Boutique.
  7726 | D:6      | Found a staircase to the Ecumenical Temple.
  7730 | Temple   | Entered the Ecumenical Temple
  8001 | Temple   | Became a worshipper of Cheibriados the Contemplative
  8196 | D:7      | Reached XP level 10. HP: 77/77 MP: 16/16
  8232 | D:7      | Reached skill level 7 in Fighting
  8282 | D:7      | Found a bloodstained altar of Trog.
  8711 | D:7      | Learned a level 3 spell: Mephitic Cloud
  8878 | D:7      | Reached * piety under Cheibriados
  9259 | D:7      | Reached skill level 1 in Air Magic
 10328 | D:8      | Reached ** piety under Cheibriados
 10493 | D:8      | Found an ancient bone altar of Kikubaaqudgha.
 10567 | D:9      | Found a shimmering altar of Xom.
 10671 | D:9      | Reached skill level 5 in Spellcasting
 10694 | D:9      | Found an opulent altar of Gozag.
 10840 | D:9      | Found a hide-covered altar of Uskayaw.
 10889 | D:9      | Found a staircase to the Lair.
 10968 | D:9      | Reached XP level 11. HP: 44/84 MP: 18/18
 11151 | D:9      | Reached *** piety under Cheibriados
 11188 | D:9      | Found a staircase to the Orcish Mines.
 11234 | D:9      | Reached skill level 1 in Slings
 11371 | D:9      | Found a blossoming altar of Fedhas.
 11391 | D:9      | Noticed an oklob plant
 11649 | D:10     | Entered Level 10 of the Dungeon
 11682 | D:10     | Noticed Harold
 11696 | D:10     | Killed Harold
 11697 | D:10     | Reached skill level 1 in Shields
 11697 | D:10     | Reached skill level 10 in Ice Magic
 11697 | D:10     | Reached skill level 5 in Invocations
 11717 | D:10     | Reached skill level 1 in Evocations
 11772 | D:10     | Noticed Grum
 11781 | D:10     | Killed Grum
 11847 | D:10     | Reached skill level 5 in Maces & Flails
 11858 | D:10     | Reached skill level 1 in Armour
 11876 | D:10     | Found a flagged portal.
 12009 | Bailey   | Entered a bailey
 12046 | Bailey   | Reached **** piety under Cheibriados
 12264 | Bailey   | Found the +10 tower shield of Ignorance {rN+ Int-4}
 12265 | Bailey   | Found a bloodstained altar of Trog.
 12282 | Bailey   | Identified a scroll of acquirement
 12411 | Lair:1   | Entered Level 1 of the Lair of Beasts
 12757 | Orc:1    | Entered Level 1 of the Orcish Mines
 12884 | Orc:1    | Reached ***** piety under Cheibriados
 12919 | Orc:1    | Found Gaorigei's Armour Emporium.
 13072 | Orc:1    | Found Owkozeaj's Assorted Antiques.
 13082 | Orc:1    | Bought a scroll labelled YBEACZ PUTIGUU for 39 gold pieces
 13090 | Orc:1    | Found Ucvumaita's Jewellery Emporium.
 13194 | Orc:2    | Entered Level 2 of the Orcish Mines
 13194 | Orc:2    | Noticed a two-headed ogre
 13196 | Orc:2    | Noticed a two-headed ogre
 13211 | Orc:2    | Noticed a two-headed ogre
 13219 | Orc:1    | Killed a two-headed ogre
 13220 | Orc:1    | Reached skill level 5 in Stealth
 13245 | D:9      | Upgraded the game from 0.29-a0-364-g921d912d32 to
                  | 0.29-a0-369-gd956c00756
 13454 | Lair:1   | Reached XP level 12. HP: 91/91 MP: 19/19
 13524 | Lair:1   | Reached skill level 8 in Fighting
 14731 | Lair:2   | Found a runed translucent gate.
 14732 | Lair:2   | Found a runed translucent gate.
 14762 | Lair:2   | Found a runed translucent gate.
 14763 | Lair:2   | Noticed dolemite99's ghost (adept FoAr)
 14932 | Lair:3   | Noticed a catoblepas
 14948 | Lair:3   | Killed a catoblepas
 15003 | Lair:2   | Found a hole to the Spider Nest.
 15585 | Lair:3   | Reached skill level 5 in Evocations
 15585 | Lair:3   | Reached XP level 13. HP: 98/98 MP: 18/22
 15913 | Lair:4   | Learned a level 1 spell: Magic Dart
 15919 | Lair:4   | Learned a level 5 spell: Iskenderun's Battlesphere
 16191 | Lair:4   | Reached skill level 5 in Conjurations
 16772 | Lair:4   | Reached skill level 9 in Fighting
 16918 | Spider:1 | Entered Level 1 of the Spider Nest
 16937 | Spider:1 | Noticed a spark wasp
 17258 | D:10     | Reached ****** piety under Cheibriados
 17332 | D:10     | Noticed Sonja
 17337 | D:10     | Killed Sonja
 17801 | D:11     | Noticed Urug
 17823 | D:11     | Killed Urug
 17842 | D:11     | Found a gate leading to a gauntlet.
 17948 | D:11     | Identified the +2 pair of boots "Efynn" {rElec rCorr MP+9
                  | Str-4}
 18000 | Gauntlet | Entered a Gauntlet
 18000 | Gauntlet | Found a transporter.
 18011 | Gauntlet | Found a transporter.
 18025 | Gauntlet | Found a transporter.
 18032 | Gauntlet | Found a transporter.
 18032 | Gauntlet | Noticed a balrug
 18053 | Gauntlet | Found a transporter.
 18066 | Gauntlet | Found a transporter.
 18075 | Gauntlet | Found a transporter.
 18096 | Gauntlet | Found a transporter.
 18109 | Gauntlet | Found a transporter.
 18111 | Gauntlet | Found a transporter.
 18115 | Gauntlet | Found a transporter.
 18136 | Gauntlet | Found a transporter.
 18145 | Gauntlet | Found a transporter.
 18147 | Gauntlet | Found a transporter.
 18168 | Gauntlet | Found a transporter.
 18173 | Gauntlet | Found a transporter.
 18218 | Gauntlet | Found a transporter.
 18268 | Gauntlet | Found a transporter.
 18796 | Gauntlet | Killed a balrug
 18806 | Gauntlet | Identified the +2 hat "Zoxaret" {Harm}
 18814 | Gauntlet | Identified the +5 flail "Peheec" {vorpal, rC+ rCorr Str+3
                  | SInv}
 18814 | Gauntlet | Noticed a minotaur
 18825 | Gauntlet | Killed a minotaur
 18850 | Gauntlet | Got the Catalogue of Bewitchment
 19271 | Spider:1 | Killed a spark wasp
 19292 | Spider:1 | Reached XP level 14. HP: 99/108 MP: 23/23
 19386 | Spider:1 | Reached skill level 10 in Dodging
 19489 | Spider:1 | Learned a level 3 spell: Vampiric Draining
 19496 | Spider:1 | Noticed an entropy weaver
 19503 | Spider:1 | Killed an entropy weaver
 19792 | Spider:1 | Noticed an entropy weaver
 19799 | Spider:1 | Killed an entropy weaver
 19800 | Spider:1 | Reached skill level 1 in Necromancy
 19967 | Spider:2 | Noticed a broodmother
 20497 | Spider:1 | Reached skill level 5 in Slings
 20797 | Spider:2 | Noticed a broodmother
 21217 | Lair:4   | Reached skill level 10 in Fighting
 21957 | Lair:4   | Found a staircase to the Shoals.
 21995 | Shoals:1 | Entered Level 1 of the Shoals
 22246 | Shoals:1 | Reached skill level 11 in Fighting
 22328 | Shoals:1 | Found a hide-covered altar of Uskayaw.
 22631 | Shoals:1 | Reached XP level 15. HP: 93/120 MP: 20/26
 22637 | Shoals:1 | Reached skill level 12 in Fighting
 22905 | Shoals:1 | Found Roqesekk's Antique Armour Shoppe.
 23117 | Shoals:2 | Noticed Ilsuiw
 23174 | Shoals:2 | You are sucked into a shaft and drop 1 floor!
 23175 | Shoals:3 | Upgraded the game from 0.29-a0-369-gd956c00756 to
                  | 0.29-a0-371-g91724d5b39
 24143 | Shoals:4 | Entered Level 4 of the Shoals
 24152 | Shoals:3 | Acquired the +5 demon whip "Spellbinder" {antimagic, Will+}
 24152 | Shoals:3 | Found the +5 demon whip "Spellbinder" {antimagic, Will+}
 24163 | Shoals:4 | Reached skill level 5 in Shields
 26057 | Shoals:4 | Reached XP level 16. HP: 52/127 MP: 13/28
 26059 | Shoals:4 | Reached skill level 10 in Stealth
 26369 | Shoals:4 | Noticed a sphinx
 26388 | Shoals:4 | Killed a sphinx
 26651 | Shoals:4 | Identified the +1 arbalest of Checkmate {elec, rF++ rN++
                  | Stlth-}
 26819 | Shoals:4 | Identified the +6 shortbow "Pendulum" {flame, Drain Str+4
                  | Int+3}
 26823 | Shoals:4 | Got a barnacled rune of Zot
 26957 | Shoals:4 | Noticed a sphinx
 26968 | Shoals:4 | Killed a sphinx
 26974 | Shoals:4 | Reached skill level 5 in Necromancy
 27157 | Shoals:4 | Noticed a sphinx
 27169 | Shoals:4 | Killed a sphinx
 27504 | Shoals:2 | Noticed a kraken
 27596 | Shoals:2 | Killed Ilsuiw
 28177 | Lair:5   | Upgraded the game from 0.29-a0-371-g91724d5b39 to
                  | 0.29-a0-392-g297d3b089c
 28359 | Lair:5   | Found a staircase to the Slime Pits.
 28613 | Lair:5   | Reached skill level 10 in Maces & Flails
 28773 | Slime:1  | Entered Level 1 of the Pits of Slime
 28787 | Slime:1  | Noticed an azure jelly
 28809 | Slime:1  | Killed an azure jelly
 28832 | Slime:1  | Noticed an acid blob
 28852 | Slime:1  | Killed an acid blob
 29029 | Slime:1  | Noticed an acid blob
 29046 | Slime:1  | Killed an acid blob
 29095 | Slime:2  | Noticed an acid blob
 29110 | Slime:1  | Reached XP level 17. HP: 84/135 MP: 24/29
 29225 | Slime:1  | Reached skill level 5 in Transmutations
 29437 | Slime:3  | Noticed an acid blob
 29812 | Lair:6   | Entered Level 6 of the Lair of Beasts
 30647 | Spider:2 | Noticed Frances
 30774 | Spider:2 | Noticed Azrael
 31631 | Spider:2 | Killed Azrael
 32053 | Spider:2 | Killed Frances
 32422 | Spider:3 | Noticed Arachne
 32500 | Spider:3 | Reached skill level 1 in Earth Magic
 33007 | D:6      | Bought a pair of dazzling gloves for 209 gold pieces
 33007 | D:6      | Identified the +4 pair of gloves "Ibuett" {Rampage rPois
                  | Int-3} (You bought it in a shop on level 6 of the Dungeon)
 33058 | D:6      | Bought the ring of Due Proportion {+Blink Dex+6} for 870
                  | gold pieces
 33095 | D:6      | Bought an embroidered scarf for 176 gold pieces
 33382 | Orc:2    | Reached XP level 18. HP: 141/141 MP: 23/30
 33656 | Orc:2    | Paralysed by an orc sorcerer for 3 turns
 33776 | Orc:2    | Found Bymmukea's Jewellery Boutique.
 33799 | Orc:2    | Found Xufu Fyo's General Store.
 33809 | Orc:2    | Bought a scroll of fog for 28 gold pieces
 33818 | Orc:2    | Found Hiuneem's Antique Weapon Boutique.
 33868 | Orc:2    | Found a staircase to the Elven Halls.
 33888 | Elf:1    | Entered Level 1 of the Elven Halls
 34377 | Elf:1    | Noticed an Ice Fiend
 34491 | Elf:1    | Learned a level 6 spell: Statue Form
 34557 | Elf:1    | Reached skill level 10 in Transmutations
 34886 | Elf:1    | Paralysed by an air elemental for 1 turns
 34986 | Elf:1    | Found Xaassima's Armour Shop.
 34991 | Elf:1    | Found Huxyf's Weapon Shop.
 35058 | Elf:1    | Reached skill level 5 in Earth Magic
 35193 | Elf:2    | Found Zyivvuto's Distillery.
 35384 | Orc:2    | Found Plog's Antique Armour Boutique.
 35390 | Orc:2    | Bought a transparent leather armour for 231 gold pieces
 35390 | Orc:2    | Identified the +2 leather armour "Aschy" {rC+ rN+ rCorr
                  | Int-3} (You bought it in a shop on level 2 of the Orcish
                  | Mines)
 35735 | Elf:2    | Paralysed by an air elemental for 1 turns
 36245 | Elf:2    | Found a runed translucent gate.
 36246 | Elf:2    | Found a runed translucent gate.
 36246 | Elf:2    | Found a runed translucent gate.
 36445 | Elf:3    | Entered Level 3 of the Elven Halls
 36577 | Elf:2    | Found a radiant altar of Vehumet.
 36664 | Elf:3    | Noticed a deep elf blademaster
 36671 | Elf:3    | Reached skill level 10 in Invocations
 36672 | Elf:3    | Killed a deep elf blademaster
 36675 | Elf:3    | Noticed a deep elf blademaster
 36681 | Elf:3    | Killed a deep elf blademaster
 36682 | Elf:3    | Noticed a deep elf blademaster
 36692 | Elf:3    | Killed a deep elf blademaster
 37052 | Elf:3    | Reached XP level 19. HP: 147/147 MP: 9/31
 38180 | Elf:2    | Reached skill level 15 in Transmutations
 38399 | Elf:2    | Upgraded the game from 0.29-a0-392-g297d3b089c to
                  | 0.29-a0-393-g47a863cc1b
 38489 | Elf:3    | Identified the +8 falchion "Heilolupt" {freeze, +Blink
                  | rElec}
 39428 | Elf:3    | Reached skill level 13 in Fighting
 39609 | Elf:3    | Identified the +6 trident of the Disturbing Wonders
                  | {vorpal, rN+}
 39876 | Elf:3    | Identified the ring "Madghicvy" {rPois Will++ Str+6 Int-4}
 40469 | Elf:3    | Reached skill level 14 in Fighting
 41103 | Elf:3    | Identified the +9 whip of the Lumpy Wishes {vorpal, rN+
                  | Dex+4}
 41103 | Elf:3    | Identified the ring of Weymp {rElec rF+ rCorr}
 41290 | Elf:3    | Identified the +7 fustibalus of a ziggurat {freeze, rC++
                  | Stlth+}
 41293 | Elf:3    | Identified the +10 hunting sling "Kewab" {venom, Drain
                  | +Blink Str+8 SInv}
 41325 | Elf:3    | Found the +2 cloak of the Thief {*Fog Slay-2 SInv Stlth+}
 41339 | Elf:3    | Got the Reference Book on the Damaging Compass
 41418 | Elf:2    | Upgraded the game from 0.29-a0-393-g47a863cc1b to
                  | 0.29-a0-397-g846e4a0bbc
 41600 | Orc:1    | Reached XP level 20. HP: 149/157 MP: 33/33
 41611 | Orc:1    | Found Cisuq's Antique Weapon Boutique.
 41636 | Orc:1    | Noticed Erolcha
 41643 | Orc:1    | Killed Erolcha
 41646 | Orc:1    | Found Cirph's Magic Scroll Shop.
 41654 | Orc:1    | Bought a scroll of blinking for 127 gold pieces
 42027 | Elf:2    | Identified the +0 scale mail of the Jackalope {rC++ rN+
                  | Str-3 Int+4}
 42055 | Elf:1    | Bought 3 curare-tipped darts for 19 gold pieces
 42429 | Lair:1   | Learned a level 2 spell: Passwall
 42541 | Lair:2   | Killed dolemite99's ghost
 43222 | Spider:3 | Killed Arachne
 43468 | Spider:4 | Entered Level 4 of the Spider Nest
 44150 | Spider:4 | Found a runed translucent gate.
 44159 | Spider:4 | Reached skill level 5 in Armour
 44161 | Spider:4 | Found a runed translucent gate.
 44189 | Spider:4 | Noticed zeratav's ghost (adept TeHu)
 44446 | Spider:4 | Found a runed translucent gate.
 44493 | Spider:4 | Killed zeratav's ghost
 44815 | Spider:4 | Identified the +0 pair of boots of the Trees {rC+ Int-3
                  | Dex+4 Stlth+}
 44960 | Spider:4 | Reached skill level 15 in Fighting
 45014 | Spider:4 | Identified the +1 hat "Rufarixt" {rElec}
 45016 | Spider:4 | Got a gossamer rune of Zot
 45425 | D:11     | Found an ancient bone altar of Kikubaaqudgha.
 46690 | Slime:2  | Gained mutation: Your magical capacity is low. (-10% MP) [a
                  | shining eye]
 46910 | Slime:3  | Reached skill level 16 in Fighting
 46910 | Slime:3  | Reached XP level 21. HP: 117/171 MP: 3/31
 46989 | Slime:3  | Reached skill level 10 in Spellcasting
 47308 | Slime:3  | Gained mutation: You occasionally shout uncontrollably at
                  | your foes. [a shining eye]
 47309 | Slime:3  | Gained mutation: You tend to lose your temper in combat. [a
                  | shining eye]
 47311 | Slime:2  | Lost mutation: You tend to lose your temper in combat.
                  | [potion of mutation]
 47311 | Slime:2  | Lost mutation: You occasionally shout uncontrollably at
                  | your foes. [potion of mutation]
 47311 | Slime:2  | Lost mutation: Your magical capacity is low. (-10% MP)
                  | [potion of mutation]
 47311 | Slime:2  | Gained mutation: Your muscles are strong. (Str +2) [potion
                  | of mutation]
 47311 | Slime:2  | Gained mutation: You occasionally shout uncontrollably at
                  | your foes. [potion of mutation]
 47356 | Slime:3  | Lost mutation: Your muscles are strong. (Str +2) [a shining
                  | eye]
 47501 | Slime:3  | Gained mutation: Armour fits poorly on your strangely
                  | shaped body. [a shining eye]
 47616 | Slime:5  | Entered Level 5 of the Pits of Slime
 47637 | Slime:5  | Reached skill level 17 in Fighting
 47649 | Slime:5  | HP: 11/226 [acid (33)]
 48355 | Slime:5  | Noticed the Royal Jelly
 48923 | D:13     | Found a gate to the Vaults.
 49243 | D:13     | Identified the ring "Cotoluec" {Drain MP+9 Dex+3 SInv
                  | Stlth+}
 49642 | D:14     | Reached skill level 18 in Fighting
 50375 | D:15     | Entered Level 15 of the Dungeon
 50391 | D:15     | Upgraded the game from 0.29-a0-397-g846e4a0bbc to
                  | 0.29-a0-398-ge13fd1374b
 50514 | D:15     | Reached skill level 15 in Dodging
 50575 | D:15     | Found a stormy altar of Qazlal.
 51084 | D:15     | Found a staircase to the Depths.
 51114 | Depths:1 | Entered Level 1 of the Depths
 51709 | Depths:1 | Reached XP level 22. HP: 120/184 MP: 25/36
 51745 | Depths:1 | Found a gateway to Hell.
 51863 | Hell     | Entered the Vestibule of Hell
 51863 | Hell     | Noticed Geryon
 52026 | Depths:1 | Found a one-way gateway to a ziggurat.
 52702 | Hell     | Killed Geryon
 53744 | Hell     | Found a gateway to the Iron City of Dis.
 53955 | Hell     | Reached skill level 19 in Fighting
 54718 | Slime:5  | Gained mutation: You are weak. (Str -2) [a shining eye]
 54893 | Slime:5  | Found a viscous altar of Jiyva.
 55030 | Slime:5  | Killed the Royal Jelly
 55031 | Slime:5  | Reached skill level 10 in Slings
 55128 | Slime:5  | Got the Grimoire of Malediction and Calling
 55272 | Slime:5  | Got a slimy rune of Zot
 55862 | Lair:1   | Learned a level 4 spell: Iskenderun's Mystic Blast
 56661 | Depths:2 | Learned a level 5 spell: Borgnjor's Vile Clutch
 56839 | Depths:2 | Noticed Asterion
 56995 | Depths:2 | Reached skill level 1 in Translocations
 57328 | Depths:2 | Noticed Bai Suzhen
 57391 | Depths:2 | Killed Bai Suzhen
 57449 | Depths:2 | Found a one-way gate leading to the halls of Pandemonium.
 57479 | Depths:2 | Identified the +0 robe of Divine Compulsion {rC+}
 57594 | Hell     | Found a gateway to the decaying netherworld of Tartarus.
 57644 | Hell     | Found a gateway to the ashen valley of Gehenna.
 57832 | Hell     | Reached XP level 23. HP: 165/194 MP: 1/38
 57942 | Hell     | Found a gateway to the freezing wastes of Cocytus.
 58040 | Dis:1    | Entered Level 1 of the Iron City of Dis
 58040 | Dis:1    | Noticed a caustic shrike
 58040 | Dis:1    | Noticed a caustic shrike
 58040 | Dis:1    | Noticed a caustic shrike
 58043 | Dis:1    | Killed a caustic shrike
 58043 | Dis:1    | Killed a caustic shrike
 58043 | Dis:1    | Killed a caustic shrike
 58142 | Depths:2 | Found a burning altar of Makhleb.
 58248 | Depths:2 | Noticed Mara
 58281 | Depths:1 | Upgraded the game from 0.29-a0-398-ge13fd1374b to
                  | 0.29-a0-416-g83a48905f1
 58333 | Depths:2 | You fall into a shaft and drop 2 floors!
 58333 | Depths:4 | Entered Level 4 of the Depths
 58872 | Depths:3 | Identified the +0 plate armour of the Beginning {rC+
                  | Regen+}
 58907 | Depths:3 | Found a transporter.
 58910 | Depths:3 | Noticed Affoawku's ghost (adept DsBe)
 58911 | Depths:3 | Identified the +11 great mace "Bieroc" {freeze, SInv}
 59010 | Depths:3 | Found a sparkling altar of Nemelex Xobeh.
 59055 | Depths:3 | Killed from afar by a deep troll earth mage

Illustrated notes

Levels and vault maps discovered:
D:1:      minmay_arrival_open_corners, layout_rooms, serial_curves,
          eino_curves_02, eino_curves_02, shapermc_ecumenical_altar_petra
D:2:      layout_loops_cross, minmay_surrounded
D:3:      minmay_razor_zed, layout_basic, portal_sewer_entry_a
D:4:      layout_cave_pools, kennysheep_cluttered_room, lemuel_old_faithful
D:5:      kennysheep_windowed_halls, layout_cave_pods
D:6:      layout_cave_pools, nicolae_ru_awakened_eye,
          mainiacjoe_overflow_catwalk, minmay_temple_entry_glassed_door,
          serial_shops, nicolae_shop_window_shopping, serial_gnoll_camp,
          gnoll_camp_mini_shop, gnoll_camp_mini_hut, gnoll_camp_mini_shop,
          gnoll_camp_mini_house, grunt_ministairs_1, dk_rats_in_the_wall
D:7:      layout_cave_pools, mainiacjoe_overflow_surrounded_room
D:8:      layout_rooms, old_standard_altar
D:9:      layout_basic, tgw_fedhas, eat_drink_and_be_merry_uskayaw,
          mainiacjoe_overflow_catch_the_wave, erik_lair_orcish_takeover,
          orc_0_dummy
D:10:     layout_loops_ring, enter_bailey_4, uniq_harold, uniq_sonja, uniq_grum
D:11:     layout_basic, gauntlet_entry_generic,
          lemuel_zombie_altar_kikubaaqudgha, uniq_urug
D:12:     layout_rooms, minivault_4
D:13:     layout_roguey, david_vaults_2
D:14:     layout_small_grid, nicolae_concentric_dashed_squares_wild,
          minmay_fractal_squares_diagonal_5
D:15:     grunt_enter_depths_hoard, layout_gridville, serial_park_tiny_1,
          nicolae_qazlal_style_of_elements
Temple:   minmay_temple_curvy_branch
Lair:1:   layout_regular_city, grunt_megastairs_2, serial_bayou_shore_a
Lair:2:   layout_chaotic_city, hellmonk_spider_entry_not_the_bees,
          ebering_ghost_rock_garden, chequers_serial_rivers_small_3,
          chequers_serial_rivers_micro_d
Lair:3:   layout_regular_city
Lair:4:   layout_roguey, minmay_shoals_entry_hut, kennysheep_basilisk_garden,
          grunt_megastairs_1
Lair:5:   layout_cave_pods, nicolae_slime_entry_slimehenge, grunt_megastairs_5
Lair:6:   gammafunk_lair_ancient_temple, layout_regular_city, fungi_pond_lemuel,
          dpeg_oklob_1
Shoals:1: layout_shoals, serial_shops, shop_coins, regret_index_shoals_crete
Shoals:2: layout_shoals, uniq_ilsuiw
Shoals:3: layout_shoals
Shoals:4: shoals_end_hellmonk_lost_city
Spider:1: layout_spider_delve
Spider:2: layout_spider_delve, nicolae_spider_shape, uniq_azrael, uniq_frances
Spider:3: layout_spider_delve, nicolae_spider_cling_ruins,
          nicolae_spider_rock_and_or_roll, uniq_arachne
Spider:4: grunt_spider_rune_island, ebering_ghost_rock_garden,
          nicolae_spider_undead_wolf_pack
Slime:1:  layout_caves
Slime:2:  layout_caves
Slime:3:  layout_caves, special_room [special_room_jelly]
Slime:4:  layout_caves
Slime:5
Orc:1:    layout_caves, serial_shops, nicolae_lakefront_shop,
          nicolae_shop_crystal, shop, nicolae_square_shop, shop, uniq_erolcha
Orc:2:    grunt_orc_cross, layout_caves
Elf:1:    eino_elf_arrival_sip, layout_geoelf_grid, hangedman_corner_corridor,
          kb_rosetta, minmay_shop_star
Elf:2:    nicolae_elf_blades_crystal_corner, layout_loops_ring, st_stairs_4,
          nicolae_stop_n_shop_1, nicolae_fountain_basement,
          lemuel_upstairs_altar
Elf:3:    minmay_elf_hall_not_hex, layout_gridlike, special_room
          [special_room_orc]
Depths:1: layout_cave_shapes, enter_ziggurat_c, kennysheep_boxes, hell_entry,
          minmay_orc_keep
Depths:2: nzn_winding_woodlands_stair_trap [nzn_winding_woodlands_5x15_pool,
          nzn_winding_woodlands_5x15_river_crossing,
          nzn_winding_woodlands_5x15_jagged,
          nzn_winding_woodlands_15x15_boxy_spiral,
          nzn_winding_woodlands_5x15_lazy_stream,
          nzn_winding_woodlands_5x15_zeroes, nzn_winding_woodlands_5x15_cabin],
          layout_cave_pools, lightli_too_deep, pan_entry,
          corexii_leaking_fountain, makhleb_altar_promises_db, uniq_asterion,
          uniq_mara, uniq_bai_suzhen
Depths:3: emtedronai_trogs_sanctum, layout_honeycomb, hell_entry,
          gammafunk_ghost_smash, nemelex_diamond_rough_becter,
          rand_demon_pan_entry_3, abyss_entry, serial_sigils_hangedman_gut
Depths:4: evilmike_zot_entry_diamond, layout_gridlike, pan_entry, serial_bayou,
          serial_bayou_pond_e, serial_bayou_shore_b, serial_bayou_lagoon_a,
          serial_bayou_pond_a, hangedman_tar_grid_catacomb, minmay_shop_grove
Hell
Dis:1:    layout_gridville

Skill      XL: |  1  2  3  4  5  6  7  8  9 10 11 12 13 14 15 16 17 18 19 20 21 22 23 |
---------------+----------------------------------------------------------------------+-----
Short Blades   | 1 2 |  2.0
Dodging        | 3 5 6 9 10 11 12 13 14 15 16 | 16.2
Ice Magic      | 5 6 7 8 9 10 | 10.0
Stealth        | 3 4 5 7 8 9 10 | 10.6
Fighting       | 1 3 4 6 7 8 9 11 12 14 16 18 19 | 19.0
Maces & Flails | 1 2 3 4 5 8 10 12 | 12.0
Transmutations | 1 2 3 4 7 13 16 17 | 17.2
Throwing       | 1 4 |  4.3
Spellcasting   | 3 4 5 6 7 8 9 10 11 | 11.0
Poison Magic   | 2 4 |  4.0
Invocations    | 1 4 7 8 9 10 11 12 | 12.0
Conjurations   | 2 3 4 6 7 8 |  8.0
Summonings     | 2 3 4 |  4.0
Air Magic      | 1 2 |  2.0
Slings         | 2 3 5 7 8 10 | 10.3
Shields        | 4 5 |  5.0
Evocations     | 3 5 6 7 8 9 |  9.0
Armour         | 1 2 4 5 |  5.0
Necromancy     | 3 5 6 7 8 |  8.0
Earth Magic    | 3 6 |  6.0
Translocations | 2 4 |  4.0

Action                   |  1- 3 |  4- 6 |  7- 9 | 10-12 | 13-15 | 16-18 | 19-21 | 22-24 || total
-------------------------+-------+-------+-------+-------+-------+-------+-------+-------++-------
Melee: Unarmed           |     3 |       |       |       |       |       |       |       ||     3
       Short sword       |    25 |    78 |       |       |       |       |       |       ||   103
       Tailslap          |       |     2 |       |       |     8 |    19 |       |     7 ||    36
       Whip              |       |    45 |   139 |   325 |    63 |       |       |       ||   572
       Punch             |       |     1 |     1 |     3 |       |       |       |       ||     5
       Quarterstaff      |       |       |     9 |     6 |       |       |       |       ||    15
       Demon whip        |       |       |       |       |   168 |   904 |  1261 |   719 ||  3052
       Hand axe          |       |       |       |       |     7 |       |       |       ||     7
       Flail             |       |       |       |       |    18 |       |       |       ||    18
       Staff             |       |       |       |       |       |     2 |       |       ||     2
       Fustibalus        |       |       |       |       |       |       |     7 |       ||     7
 Fire: Hunting sling     |       |       |       |    61 |    87 |    58 |    37 |       ||   243
       Fustibalus        |       |       |       |       |       |       |   186 |    79 ||   265
Throw: Stone             |    36 |    29 |    23 |    20 |     1 |       |       |    10 ||   119
       Dart              |       |     4 |     1 |     7 |    15 |    54 |    95 |    46 ||   222
       Boomerang         |       |       |       |    21 |       |       |       |       ||    21
 Cast: Freeze            |    55 |    24 |     1 |     4 |    19 |       |       |       ||   103
       Frozen Ramparts   |     2 |    34 |    43 |    64 |    56 |    89 |   112 |    42 ||   442
       Ozocubu's Armour  |       |     5 |    27 |    44 |    91 |   123 |    96 |    51 ||   437
       Sting             |       |       |    25 |    41 |     1 |    24 |     2 |       ||    93
       Call Imp          |       |       |     1 |    39 |    99 |   108 |   103 |    27 ||   377
       Mephitic Cloud    |       |       |       |    23 |    17 |    29 |    62 |     5 ||   136
       Hailstorm         |       |       |       |    37 |   120 |   146 |   109 |    83 ||   495
       Magic Dart        |       |       |       |       |   209 |   383 |   297 |    75 ||   964
       Iskenderun's Batt |       |       |       |       |   109 |   163 |   138 |    63 ||   473
       Vampiric Draining |       |       |       |       |     2 |    17 |    12 |    18 ||    49
       Statue Form       |       |       |       |       |       |     2 |    20 |    14 ||    36
       Iskenderun's Myst |       |       |       |       |       |       |       |    25 ||    25
       Passwall          |       |       |       |       |       |       |       |    19 ||    19
       Borgnjor's Vile C |       |       |       |       |       |       |       |    10 ||    10
Invok: Bend Time         |       |       |       |     3 |     3 |     1 |     1 |    18 ||    26
       Temporal Distorti |       |       |       |     1 |     4 |     1 |     3 |     2 ||    11
       Slouch            |       |       |       |     1 |    13 |    17 |    11 |     6 ||    48
       Step From Time    |       |       |       |       |       |       |       |     2 ||     2
 Abil: End Transformatio |       |       |       |       |       |       |    10 |     3 ||    13
       Evoke Blink       |       |       |       |       |       |       |     4 |    12 ||    16
Evoke: Lightning rod     |       |       |       |     1 |     3 |     3 |     4 |     7 ||    18
       Wand              |       |       |       |       |     4 |     7 |     4 |       ||    15
       Condenser vane    |       |       |       |       |     2 |     1 |     1 |     2 ||     6
       Phantom mirror    |       |       |       |       |       |     1 |       |     1 ||     2
       Phial of floods   |       |       |       |       |       |     1 |     1 |     1 ||     3
       Horn of Geryon    |       |       |       |       |       |       |       |     3 ||     3
       Tin of tremorston |       |       |       |       |       |       |       |     1 ||     1
  Use: Scroll            |       |       |     8 |    19 |    12 |     8 |    10 |    11 ||    68
       Potion            |       |       |       |     2 |     6 |     6 |     3 |     6 ||    23
 Stab: Sleeping          |     3 |     9 |     1 |       |       |       |    10 |     1 ||    24
       Confused          |       |       |       |    12 |     2 |     7 |    13 |     1 ||    35
       Distracted        |       |       |       |     1 |     6 |     4 |     7 |     2 ||    20
Armor: Robe              |    13 |    25 |    40 |    97 |   250 |   240 |    10 |       ||   675
       Skin              |       |       |       |       |       |     7 |   131 |   221 ||   359
       Leather armour    |       |       |       |       |       |       |   198 |   115 ||   313
Dodge: Dodged            |    48 |    96 |   105 |   281 |   636 |  1124 |  1391 |  1123 ||  4804
       Repelled          |       |       |       |       |       |     3 |    29 |    22 ||    54
Block: Buckler           |       |       |       |    60 |   234 |   377 |   640 |   491 ||  1802

Table legend: (Time is in decaauts)
 A = Elapsed time spent in this place.
 B = Non-inter-level travel time spent in this place.
 C = Inter-level travel time spent in this place.
 D = Time resting spent in this place.
 E = Time spent auto-exploring this place.
 F = Levels seen in this place.
 G = Mean time per level.
                   A        B        C        D        E       F      G
               +--------+--------+--------+--------+--------+-----+--------+
         Total |  83027 |  77691 |   5336 |   9341 |   9483 |  49 | 1694.4 |
       Dungeon |  21852 |  20233 |   1619 |   1244 |   6214 |  15 | 1456.8 |
        Temple |    314 |    286 |     28 |      0 |    243 |   1 |  314.0 |
          Lair |  12230 |  10844 |   1386 |    738 |   1933 |   6 | 2038.3 |
        Shoals |   7594 |   7525 |     69 |   2213 |      0 |   4 | 1898.5 |
   Spider Nest |   9952 |   8902 |   1050 |   1646 |    248 |   4 | 2488.0 |
    Slime Pits |   5951 |   5703 |    248 |    416 |      0 |   5 | 1190.2 |
  Orcish Mines |   2697 |   2560 |    137 |     18 |    245 |   2 | 1348.5 |
   Elven Halls |  11361 |  10626 |    735 |   1714 |      0 |   3 | 3787.0 |
        Depths |   6936 |   6875 |     61 |   1157 |    213 |   4 | 1734.0 |
          Hell |   1230 |   1230 |      0 |     31 |      0 |   1 | 1230.0 |
           Dis |      6 |      6 |      0 |      0 |      0 |   1 |    6.0 |
         Sewer |    715 |    715 |      0 |      0 |    380 |   1 |  715.0 |
        Bailey |    458 |    458 |      0 |      0 |      4 |   1 |  458.0 |
      Gauntlet |   1724 |   1724 |      0 |    163 |      0 |   1 | 1724.0 |
               +--------+--------+--------+--------+--------+-----+--------+

Top non-repeatable levels by time:
Spider:1: 4792 daAuts
   Elf:2: 4053 daAuts
Depths:1: 3909 daAuts
   Elf:1: 3778 daAuts
   Elf:3: 3529 daAuts
     D:9: 3354 daAuts
  Lair:3: 2842 daAuts
Shoals:3: 2494 daAuts
Spider:3: 2475 daAuts
  Lair:4: 2357 daAuts
Shoals:4: 2286 daAuts
Depths:2: 2085 daAuts
  Lair:2: 1981 daAuts
  Lair:1: 1953 daAuts
    D:10: 1850 daAuts
